AoeStats
← WachTraeumer

Pilgrims

509333637Analyzed
3v3 RM · 6d ago on Sep 26, 2026· 40m 41s· 6 players
Game mode
Random Map
Map size
Normal (6 player)
Population
200
Speed
Normal
Resources
Standard
Victory
Conquest
Starting age
Dark Age
Ending age
Imperial Age
RankedLock teamsTeams togetherTeam positionsShared explorationLock speedFull tech treeHidden civsTurbo modeCheats
Victory
Defeat
🇷🇴 Vikings · Romania
1128
+15
🇵🇱 Japanese · Poland
1116
+15
🇩🇪 Burgundians · Germany
1108
+16
🇹🇷 Vikings · Türkiye
1128
-17
🇹🇷 Chinese · Türkiye
1103
-15
🇹🇷 Spanish · Türkiye
1075
-14
(DB) sendur
13:19 Feudal Age
20:18 Castle Age
21:59 Double-Bit Axe
21:55 Horse Collar
(DB) Eydur
4:09 Loom
15:45 Feudal Age
22:41 Castle Age
24:13 Horse Collar
33:33 Coinage
(DB) Ezdur
10:51 Loom
12:41 Feudal Age
14:32 Double-Bit Axe
14:39 Gold Mining
17:57 Castle Age
16:08 Horse Collar
18:20 Fletching
20:49 Bodkin Arrow
24:29 Padded Archer Armor
25:22 Heavy Plow
25:54 Bow Saw
27:57 Pikeman
29:02 Leather Archer Armor
29:33 Crossbowman
33:31 Gold Shaft Mining
38:08 Imperial Age
35:24 Town Watch
36:24 Coinage
37:03 Elite Skirmisher
40:03 Banking
40:22 Bracer
40:53 Ring Archer Armor
WachTraeumer
1:08 Double-Bit Axe
7:19 Fishing Lines
10:36 Loom
12:24 Feudal Age
10:42 Loom
11:03 Horse Collar
11:41 Loom
16:44 Wheelbarrow
18:43 Castle Age
16:40 Gold Mining
17:41 Scale Barding Armor
17:46 Forging
18:14 Gold Shaft Mining
19:45 Cavalier
21:07 Chain Barding Armor
21:54 Hand Cart
26:01 Iron Casting
25:48 Stone Mining
26:11 Bow Saw
27:27 Stone Shaft Mining
28:25 Two-Man Saw
30:36 Burgundian Vineyards
32:07 Heavy Plow
32:19 Fletching
33:29 Crop Rotation
33:00 Town Watch
34:39 Bodkin Arrow
34:44 Padded Archer Armor
35:33 Elite Skirmisher
37:17 Ballistics
43:33 Imperial Age
Pomazaki
10:02 Loom
12:41 Feudal Age
13:40 Fishing Lines
13:52 Horse Collar
14:00 Double-Bit Axe
17:33 Castle Age
17:01 Fletching
17:22 Forging
18:10 Gillnets
18:40 Medium Warships
19:06 Bodkin Arrow
19:27 Bow Saw
21:53 Wheelbarrow
22:10 Man-at-Arms
22:58 Squires
22:43 Arson
22:19 Pikeman
24:24 Hand Cart
24:13 Heavy Plow
26:42 Padded Archer Armor
27:57 Bloodlines
29:16 Thumb Ring
29:29 Husbandry
29:52 Leather Archer Armor
31:07 Ballistics
34:48 Imperial Age
33:05 Town Watch
34:16 Scale Mail Armor
34:52 Iron Casting
34:49 Yasama
34:57 Gold Mining
34:57 Stone Mining
35:12 Heavy Cavalry Archer
36:28 Parthian Tactics
36:12 Bracer
38:04 Ring Archer Armor
38:36 Chemistry
38:01 Halberdier
39:35 Kataparuto
40:38 Two-Man Saw
39:53 Siege Engineers
40:24 Conscription
40:43 Guard Tower
41:10 Chain Mail Armor
41:56 Blast Furnace
ionut_s
4:06 Loom
14:07 Feudal Age
14:58 Fishing Lines
15:26 Gold Mining
15:28 Double-Bit Axe
19:06 Castle Age
18:23 Scale Mail Armor
18:33 Forging
18:11 Arson
19:57 Squires
20:17 Gillnets
23:25 Chain Mail Armor
23:45 Iron Casting
32:40 Imperial Age
30:19 Stone Mining
31:05 Gold Shaft Mining
32:31 Padded Archer Armor
32:22 Fletching
32:49 Bow Saw
33:19 Horse Collar
33:46 Crossbowman
35:34 Heavy Plow
37:53 Ballistics
38:33 Chemistry
38:40 Bodkin Arrow
39:01 Leather Archer Armor
40:22 Arbalester
41:31 Conscription
Connection lost

Rejoining the realm…

Still unreachable

The connection could not be restored.

Session expired

The server has moved on; the page needs a fresh start.